 Dungeon Crawl Stone Soup version 0.30.0-5-g1a98f26d00 (webtiles) character file.

Game seed: 4963506802258937265

2733 cheesebisquit the Grappler (level 9, -22/83 HPs)
             Began as a Ghoul Gladiator on May 9, 2023.
             Was a Follower of Makhleb.
             Annihilated by a two-headed ogre
             ... wielding a +0 giant club
              (27 damage)
             ... on level 7 of the Dungeon.
             The game lasted 00:22:54 (5985 turns).

cheesebisquit the Grappler (Ghoul Gladiator)        Turns: 5985, Time: 00:22:55

Health: -22/83     AC: 10    Str: 22    XL:     9   Next: 67%
Magic:  10/10      EV:  8    Int:  3    God:    Makhleb [*.....]
Gold:   358        SH:  0    Dex: 10    Spells: 8/8 levels left

rFire   . .          .
                       - Unarmed
rCold   + . .        (no shield)
rNeg    + + +        G - +0 chain mail
rPois   ∞            b - +0 helmet
rElec   .            (no cloak)
rCorr   +            e - +0 pair of gloves
SInv    +            (no boots)
Will    .....        s - amulet of the acrobat Stlth
                     v - ring of resist corrosion
HPRegen 0.00/turn    I - ring of see invisible
MPRegen 0.12/turn

%: acrobat
@: inhibited regen
A: claws 1, cold resistance 1, negative energy resistance 3, inhibited
regeneration, torment resistance 2, devour on kill
a: Renounce Religion


You were on level 7 of the Dungeon.
You worshipped Makhleb.
Makhleb was aware of your devotion.
You visited 2 branches of the dungeon, and saw 8 of its levels.
You also visited: Sewer.

You collected 358 gold pieces.

Inventory:

Hand Weapons
 k - a +0 morningstar
 w - a +0 mace of protection
Missiles
 c - 2 throwing nets (quivered)
 d - a javelin
 A - 5 atropa-tipped darts
 E - 3 boomerangs
 F - 15 poisoned darts
Armour
 b - a +0 helmet (worn)
 e - a +0 pair of gloves (worn)
 G - a +0 chain mail (worn)
Jewellery
 l - an amulet of guardian spirit
 s - an amulet of the acrobat (around neck)
 v - a ring of resist corrosion (left hand)
 H - a ring of wizardry
 I - a ring of see invisible (right hand)
Wands
 p - a wand of paralysis (10)
 y - a wand of polymorph (7)
Scrolls
 f - 3 scrolls of magic mapping
 h - a scroll of teleportation
 i - a scroll of vulnerability {unknown}
 m - 3 scrolls of blinking
 o - 2 scrolls of immolation
 r - 2 scrolls of fear
 x - 2 scrolls of fog
 C - a scroll of amnesia {unknown}
 D - a scroll of summoning {unknown}
 J - a scroll of enchant armour {unknown}
 K - 2 scrolls of poison {unknown}
Potions
 a - 2 potions of brilliance
 g - 2 potions of degeneration
 j - 3 potions of curing
 n - 3 potions of mutation
 q - 2 potions of flight
 t - 3 potions of lignification
 u - 2 potions of attraction
 B - a potion of resistance
 L - a potion of haste {unknown}


   Skills:
 + Level 9.1 Fighting
 - Level 1.7 Throwing
 - Level 2.6 Dodging
 - Level 5.0 Stealth
 + Level 10.0 Unarmed Combat
 + Level 3.0 Invocations


You had 8 spell levels left.
You didn't know any spells.
Your spell library contained the following spells:

 Spells                   Type           Power      Damage    Failure   Level
 Cigotuvi's Dreadful Rot  Necr/Pois/Air  0%         N/A       100%        2
 Ignite Poison            Fire/Tmut/Pois 0%         N/A       100%        3
 Portal Projectile        Hex/Tloc       0%         N/A       100%        3
 Tukima's Dance           Hex            0%         N/A       100%        3
 Freezing Cloud           Conj/Ice/Air   0%         6-21      100%        5
 Blade Hands              Tmut           Unusable   N/A       N/A         5

Dungeon Overview and Level Annotations

Branches:
Dungeon (7/15)             Temple (1/1) D:4           Sewer (visited)

Altars:
Ashenzari
Cheibriados
Dithmenos
Fedhas
Gozag
Kikubaaqudgha
Makhleb
Okawaru
Qazlal
Ru
Sif Muna
Trog
Vehumet
Wu Jian

Shops:
D:2 *

Annotations:
D:7 1 transporter


Innate Abilities, Weirdness & Mutations

You are immune to poison.
You have sharp fingernails.
Your flesh is cold resistant. (rC+)
You are immune to negative energy. (rN+++)
You do not regenerate when monsters are visible.
You are immune to unholy pain and torment.
You thrive by killing the living.


Message History

Okay, then.
You punch the two-headed ogre!
The two-headed ogre is lightly wounded.
You hit the two-headed ogre but do no damage.
The two-headed ogre is lightly wounded.
The two-headed ogre barely misses you.
The two-headed ogre hits you with a +0 giant spiked club!!
Okay, then.
You hit the two-headed ogre.
The two-headed ogre is moderately wounded.
The two-headed ogre hits you with a +0 giant club!!
The two-headed ogre hits you with a +0 giant spiked club!
You feel much better.
The boulder beetle leaps!
Okay, then.
The two-headed ogre attacks as you move away!
The two-headed ogre barely misses you.
The two-headed ogre completely misses you.
The boulder beetle curls into a ball and begins rolling!
You barely miss the two-headed ogre.
The two-headed ogre is moderately wounded.
The boulder beetle stops rolling and uncurls.
You hit the two-headed ogre.
The two-headed ogre is moderately wounded.
The two-headed ogre barely misses you.
The two-headed ogre hits you with a +0 giant spiked club!
You hit the two-headed ogre.
The two-headed ogre is moderately wounded.
You punch the two-headed ogre!
You punch the two-headed ogre, but do no damage.
The two-headed ogre is severely wounded.
The two-headed ogre barely misses you.
The two-headed ogre hits you with a +0 giant spiked club!!
* * * LOW HITPOINT WARNING * * *
You barely miss the two-headed ogre.
The two-headed ogre is severely wounded.
The boulder beetle leaps!
The two-headed ogre hits you with a +0 giant club!
* * * LOW HITPOINT WARNING * * *
The two-headed ogre hits you with a +0 giant spiked club!!
You die...

#.#.# #
#.#.#
#.#.#
#.#.#
#.#.#
#.#.#
#...##
#.B..#####
#.##.@O°.#
#. ####.##
#. #)# ##
°#. .# ##
#. #


You could see a boulder beetle and a two-headed ogre.

Vanquished Creatures
  A kobold demonologist (D:7)
  A troll (D:5)
  Sigmund (D:3)
  A water moccasin (D:6)
  2 ice beasts
  3 ogres
  A kobold brigand (D:6)
  2 scorpions (D:4)
  2 bullfrogs (Sewer)
  9 wights
  4 killer bees (D:6)
  An electric eel (D:7)
  2 hounds
  2 orc priests
  A jelly (D:5)
  A sleepcap (D:5)
  2 iguanas
  An orc wizard (D:4)
  6 river rats (Sewer)
  11 adders
  A shadow imp (D:6)
  A white imp (D:7)
  2 ufetubi
  A worm (D:2)
  4 dart slugs
  8 orcs
  18 ball pythons
  A bat (D:2)
  10 endoplasms
  2 giant cockroaches
  7 hobgoblins
  7 jackals
  3 quokkas
  7 frilled lizards
  6 goblins
  13 kobolds
  19 rats
164 creatures vanquished.

Notes
Turn   | Place    | Note
-------+----------+-------------------------------------------
     0 | D:1      | cheesebisquit the Ghoul Gladiator began the quest for the
                  | Orb.
     0 | D:1      | Reached XP level 1. HP: 17/17 MP: 0/0
   299 | D:1      | Reached skill level 4 in Unarmed Combat
   299 | D:1      | Reached XP level 2. HP: 23/24 MP: 1/1
   714 | D:2      | Reached XP level 3. HP: 28/29 MP: 2/2
   783 | D:2      | Found Qunk's General Store.
  1109 | D:2      | Reached XP level 4. HP: 37/37 MP: 3/3
  1256 | D:3      | Noticed an ogre
  1270 | D:2      | Reached skill level 5 in Unarmed Combat
  1387 | D:3      | Found an iron altar of Okawaru.
  1530 | D:3      | Killed an ogre
  1531 | D:3      | Reached XP level 5. HP: 30/46 MP: 4/4
  1542 | D:3      | Found a glowing drain.
  1551 | Sewer    | Entered a sewer
  1685 | Sewer    | Reached XP level 6. HP: 53/53 MP: 5/5
  1719 | Sewer    | Reached skill level 6 in Unarmed Combat
  2016 | Sewer    | HP: 2/55 [ball python (1)]
  2034 | Sewer    | Reached skill level 5 in Fighting
  2039 | Sewer    | Reached XP level 7. HP: 36/61 MP: 6/6
  2253 | D:3      | Noticed Sigmund
  2268 | D:3      | Killed Sigmund
  2269 | D:3      | Reached skill level 7 in Unarmed Combat
  2884 | D:4      | Reached XP level 8. HP: 70/71 MP: 7/7
  2884 | D:4      | Found a staircase to the Ecumenical Temple.
  2909 | Temple   | Entered the Ecumenical Temple
  3172 | D:4      | Reached skill level 8 in Unarmed Combat
  3878 | D:5      | Entered Level 5 of the Dungeon
  3959 | D:5      | Noticed a troll
  3975 | D:5      | Killed a troll
  4441 | D:5      | Found a shadowy altar of Dithmenos.
  4719 | D:6      | Found a burning altar of Makhleb.
  4733 | D:6      | Reached skill level 9 in Unarmed Combat
  4742 | D:6      | Reached XP level 9. HP: 33/81 MP: 8/8
  4751 | D:6      | Became a worshipper of Makhleb the Destroyer
  5018 | D:6      | Reached skill level 5 in Stealth
  5631 | D:7      | Reached skill level 1 in Invocations
  5653 | D:7      | Found a transporter.
  5716 | D:7      | Reached * piety under Makhleb
  5967 | D:7      | Noticed a kobold demonologist
  5968 | D:7      | Noticed a two-headed ogre
  5971 | D:7      | Noticed a boulder beetle
  5972 | D:7      | Noticed a smoke demon
  5974 | D:7      | Killed a kobold demonologist
  5975 | D:7      | Reached skill level 10 in Unarmed Combat
  5985 | D:7      | Annihilated by a two-headed ogre

Illustrated notes

Levels and vault maps discovered:
D:1:      co_arrival_square_in_a_square_in_a_square, layout_loops_ring
D:2:      layout_rooms, serial_shops, shop
D:3:      layout_rooms, lemuel_tele_altar, portal_sewer_entry_d, uniq_sigmund
D:4:      layout_loops_corners, minmay_temple_entry_glass, corexii_shack
D:5:      layout_cave_pools, mainiacjoe_overflow_alcove_4
D:6:      layout_loops_ring, bloody_makhleb
D:7:      minmay_cornered_nines, layout_loops_ring, nicolae_overflow_squiral,
          serial_shops, nicolae_shop_behind_doors, gammafunk_ghost_smash,
          minmay_joined_circles
Temple:   dpeg_chambers_temple

Skill      XL: |  1  2  3  4  5  6  7  8  9 |
---------------+----------------------------+-----
Unarmed Combat | 4 5 6 7 9 10 | 10.0
Fighting       | 4 5 6 8 9 |  9.1
Stealth        | 4 5 |  5.0
Invocations    | 3 |  3.0
Throwing       | |  1.7
Dodging        | |  2.6

Action                     |  1- 3 |  4- 6 |  7- 9 || total
---------------------------+-------+-------+-------++-------
  Melee: Unarmed           |   115 |   173 |   305 ||   593
         Punch             |     3 |       |    17 ||    20
  Throw: Throwing net      |       |       |     9 ||     9
  Evoke: Wand              |       |       |     1 ||     1
    Use: Scroll            |       |     4 |     9 ||    13
         Potion            |       |     5 |     4 ||     9
   Stab: Paralysed         |       |       |     3 ||     3
 Armour: Leather armour    |    32 |    70 |    27 ||   129
         Chain mail        |       |       |    70 ||    70
  Dodge: Dodged            |    58 |   253 |   139 ||   450
